 Dungeon Crawl Stone Soup version 0.27.1-3-gb3d3a73c9e (webtiles) character file.

Game seed: 8426476989647779643

153 horus123 the Covert (level 5, -1/32 HPs)
             Began as a Kobold Brigand on Oct 26, 2021.
             Was a Follower of Ashenzari.
             Killed from afar by an orc wizard (9 damage)
             ... with a magic dart
             ... on level 3 of the Dungeon.
             The game lasted 00:08:41 (4295 turns).

horus123 the Covert (Kobold Brigand)                Turns: 4295, Time: 00:08:42

Health: -1/32      AC:  3    Str:  8    XL:     5   Next: 61%
Magic:  5/5        EV: 15    Int: 12    God:    Ashenzari [*.....]
Gold:   62         SH:  0    Dex: 18    Spells: 4/4 levels left

rFire    + . .     SeeInvis .   a - +2 dagger of Ashenzari's Gnosis {Cun, Alch} (curse)
rCold    . . .     Faith    .   (shield restricted)
rNeg     . . .     Spirit   .   b - +0 robe
rPois    .         Reflect  .   (no helmet)
rElec    .         Harm     .   c - +0 cloak of Ashenzari's Vision {Self, Elem} (curse)
rCorr    .         Rampage  .   (no gloves)
Will     .....                  (no boots)
Stlth    +++++.....             (no amulet)
HPRegen  0.10/turn              l - ring of protection from fire
MPRegen  0.09/turn              (no ring)

@: no status effects
A: small, no large weapons, nightstalker 3
a: Renounce Religion, Curse Item, Shatter the Chains


You were on level 3 of the Dungeon.
You worshipped Ashenzari.
Ashenzari was aware of your devotion.
You visited 1 branch of the dungeon, and saw 3 of its levels.

You collected 62 gold pieces.

Inventory:

Hand Weapons
 a - the cursed +2 dagger of Ashenzari's Gnosis (weapon) {Cun, Alch}

   It has a curse which improves the following skills: Cunning: Dodging and
   Stealth.
   Alchemy:   Poison Magic and Transmutations.
Missiles
 d - 21 poisoned darts (quivered)
 e - 2 curare-tipped darts
Armour
 b - a +0 robe (worn)
 c - the cursed +0 cloak of Ashenzari's Vision (worn) {Self, Elem}

   It has a curse which improves the following skills: Introspection: Fighting
   and Spellcasting.
   Elements:  Fire Magic, Ice Magic, Air Magic and Earth Magic.
Jewellery
 l - a ring of protection from fire (left hand)
Scrolls
 f - a scroll of vulnerability
 g - a scroll of noise
 i - a scroll of teleportation
 o - a scroll of holy word
Potions
 h - a potion of cancellation
 j - a potion of degeneration
 k - a potion of mutation
 m - 2 potions of invisibility
 n - a potion of curing


   Skills:
 - Level 2.1(3.0) Fighting
 + Level 2.9 Short Blades
 - Level 2.1 Throwing
 + Level 2.3(3.2) Dodging
 + Level 8.5(9.5) Stealth


You had 4 spell levels left.
You didn't know any spells.
Your spell library contained the following spells:

 Spells                   Type           Power      Damage    Failure   Level
 Corpse Rot               Necr/Air       N/A        N/A       43%         2
 Dispel Undead            Necr           0%         3d6       97%         4
 Death Channel            Necr           0%         N/A       100%        6


Dungeon Overview and Level Annotations

Branches:
Dungeon (3/15)

Altars:
Ashenzari


Innate Abilities, Weirdness & Mutations

You are small and have problems with some larger weapons.
You are completely attuned to the shadows.


Message History

You feel better.
A bat comes into view.
The orc wizard completely misses you.
The bat moves out of view.
You hit the orc wizard but do no damage.
The orc wizard barely misses you.
You hit the orc wizard but do no damage.
The orc wizard barely misses you.
You hit the orc wizard.
The orc wizard is lightly wounded.
The orc wizard closely misses you.
You closely miss the orc wizard.
The orc wizard is lightly wounded.
You barely miss the orc wizard.
The orc wizard is lightly wounded.
The orc wizard misses you.
You hit the orc wizard.
The orc wizard is moderately wounded.
The orc wizard hits you with a +0 dagger.
You hit the orc wizard.
The orc wizard is heavily wounded.
The orc wizard closely misses you.
You hit the orc wizard but do no damage.
The orc wizard is heavily wounded.
The orc wizard mumbles some strange words.
The orc wizard flickers and vanishes!
Deactivating autopickup; reactivate with Ctrl-A.
You hit something. Something hits you.
You barely miss something. Something barely misses you.
You closely miss something. Something hits you.
You closely miss something. Something hits you.
You hit something but do no damage. You hit something.
Something barely misses you.
You hit something but do no damage. Something hits you.
You miss something. Something hits you.
* * * LOW HITPOINT WARNING * * *
You closely miss something.
You hear some strange, mumbled words.
A magic dart appears from out of thin air!
The magic dart hits you!
You die...

#>................## #
###...........###..# #
...............####.#####
#
........................<
#
###............#####.###
# #.#...#'###### #..# #
#.#.#.#...# ##.## #
..#.#.#.# #..# # #.#@#
##.# # ###{# #.## #
.###o#### #?.# #
....o.... ##.## #
......... #..# #
......... ##.###
..>....o. #..## .........
##.## #..#


You could see 2 orcs.

Vanquished Creatures
  Jessica (D:2)
  5 adders
  2 worms
  2 dart slugs
  An orc (D:3)
  4 bats
  5 endoplasms
  A giant cockroach (D:2)
  10 goblins
  7 hobgoblins
  6 jackals (D:2)
  6 kobolds
  5 quokkas
  A ball python (D:1)
  A frilled lizard (D:3)
  10 rats
67 creatures vanquished.

Notes
Turn   | Place    | Note
-------+----------+-------------------------------------------
     0 | D:1      | horus123 the Kobold Brigand began the quest for the Orb.
     0 | D:1      | Reached XP level 1. HP: 12/12 MP: 1/1
   312 | D:1      | Reached XP level 2. HP: 17/17 MP: 2/2
   316 | D:1      | Reached skill level 6 in Stealth
  1108 | D:1      | Reached XP level 3. HP: 21/21 MP: 3/3
  1326 | D:2      | Found a faded altar of an unknown god.
  1341 | D:2      | Became a worshipper of Ashenzari the Shackled
  1506 | D:2      | Reached skill level 7 in Stealth
  1916 | D:2      | Reached XP level 4. HP: 18/27 MP: 4/4
  2651 | D:2      | Reached * piety under Ashenzari
  2837 | D:2      | Noticed Jessica
  2840 | D:2      | Killed Jessica
  2841 | D:2      | Reached skill level 8 in Stealth
  2841 | D:2      | Reached XP level 5. HP: 32/32 MP: 5/5
  4295 | D:3      | Killed from afar by an orc wizard

Illustrated notes

Levels and vault maps discovered:
D:1:      elethiomel_arrival_maze, layout_basic, serial_forest,
          infiniplex_forest_lined_room_3, infiniplex_forest_lined_room_3,
          infiniplex_forest_lined_3_way, infiniplex_forest_diagonal,
          infiniplex_forest_lined_room_2, infiniplex_forest_clump_tiny,
          minmay_tall_x
D:2:      layout_basic, hellmonk_ecumenical_altar_crossroads,
          serial_corexii_hall, chequers_hall_statues_corner_a,
          chequers_hall_statues_wall_a, corexii_hall_statues_x,
          corexii_hall_statues_l, corexii_hall_statues_i,
          corexii_hall_statues_deadend, minmay_misc_feat_roman,
          minmay_split_cup_large, uniq_jessica
D:3:      layout_basic, minmay_curled_crystal

Skill      XL: |  1  2  3  4 |
---------------+-------------+-----
Stealth        | 6 7 8 |  8.5
Dodging        | 2 |  2.3
Fighting       | |  2.1
Short Blades   | |  2.9
Throwing       | |  2.1

Action                   |  1- 3 |  4- 6 || total
-------------------------+-------+-------++-------
Melee: Dagger            |    87 |   144 ||   231
Throw: Dart              |     1 |       ||     1
Invok: Curse Item        |     1 |     1 ||     2
  Use: Potion            |       |     1 ||     1
 Stab: Sleeping          |    16 |    14 ||    30
       Distracted        |       |     2 ||     2
Armor: Robe              |    13 |    11 ||    24
Dodge: Dodged            |    48 |    78 ||   126
